 Dungeon Crawl Stone Soup version 0.31.0-12-g77e489cdc1 (webtiles) character file.

Game seed: 10885276620125298387

59 Maffolandro the Covered (level 3, 31/31 HPs)
             Began as an Armataur Fighter on Feb 18, 2024.
             Got out of the dungeon alive.
             The game lasted 00:03:08 (1299 turns).

Maffolandro the Covered (Armataur Fighter)          Turns: 1299, Time: 00:03:08

Health: 31/31      AC:  6    Str: 21    XL:     3   Next: 78%
Magic:  3/3        EV:  7    Int:  8    God:
Gold:   90         SH:  4    Dex: 11    Spells: 2/2 levels left

rFire   . . .        a - +0 flail
rCold   . . .        c - +0 buckler
rNeg    . . .        b - +0 scale mail
rPois   .            (no helmet)
rElec   .            (no cloak)
rCorr   .            (no gloves)
SInv    .            (no barding)
Will    .....        (no amulet) Stlth
                     (no ring)
HPRegen 0.25/turn    (no ring)
MPRegen 0.08/turn

%: roll
@: no status effects
A: large, deformed body, tough skin 3, armoured tail, roll 1
a: no special abilities


You escaped.
You visited 1 branch of the dungeon, and saw 2 of its levels.

You collected 90 gold pieces.

Inventory:

Hand Weapons
 a - a +0 flail (weapon)
Missiles
 h - a throwing net (quivered)
Armour
 b - a +0 scale mail (worn)
 c - a +0 buckler (worn)
Scrolls
 f - a scroll of vulnerability {unknown}
 g - a scroll of teleportation {unknown}
 k - a scroll of identify {unknown}
 l - a scroll of amnesia {unknown}
 m - a scroll of fog {unknown}
Potions
 d - a potion of might
 e - a potion of haste {unknown}
 i - a potion of cancellation {unknown}
 j - 2 potions of curing {unknown}


   Skills:
 + Level 3.3 Fighting
 * Level 3.2 Maces & Flails
 - Level 3.6 Armour
 - Level 3.2 Shields


You had 2 spell levels left.
You didn't know any spells.
Your spell library was empty.

Dungeon Overview and Level Annotations

Branches:
Dungeon (2/15)

Altars:


Innate Abilities, Weirdness & Mutations

Armour fits poorly on your strangely shaped body.
You have extremely tough skin. (AC +3)
You have a long armoured tail.
You regenerate magic when rolling toward enemies. (Rampage MPRegen)


Message History

j - 2 smoky silvery potions (gained 1)
You now have 90 gold pieces (gained 10).
You see here a +0 ring mail.
Found a stone staircase leading down.
Found 2 stones.
There is a stone staircase leading down here.
You see here 2 stones.
There is an open door here.
You open the door.
There is an open door here.
There is an open door here.
A kobold comes into view. It is wielding a +0 short sword.
The kobold shouts!
You closely miss the kobold. The kobold barely misses you.
You barely miss the kobold.
The kobold hits you with a +0 short sword.
You hit the kobold.
You kill the kobold!
Things that are here:
a +0 short sword; a kobold corpse
Found a stone staircase leading up.
Found 4 stones.
There is a stone staircase leading up here.
You see here 4 stones.
As you open the door, it creaks loudly!
There is an open door here.
You open the door.
Found a faded altar of an unknown god.
There is an open door here.
There is a faded altar of an unknown god here.
This altar belongs to (a) Dithmenos, (b) Fedhas or (c) Elyvilon, but you can't tell which.
Press the corresponding letter to learn more about a god, or press enter to convert or escape to cancel.
Okay, then.
There is an open door here.
There is an open door here.
There is a stone staircase leading up here.
You climb upwards.
There is a stone staircase leading down here.
There is an open door here.
There is a staircase leading out of the dungeon here.
You have escaped!

....# ##......................#
...## ##.......................#
....# #......................#.#
###.# ##.....................##.#
###.###.................#....##.#
.##..........................##†#
)####.........##'##......##..##.#
.# #........##...##.....###.#...
.#####..#....#..@..#.....###....#
÷#...........##...##.....#...##.#
...##.........##+##......#.#.##.#
#..##.#....................#....#
#.........................##..#.#
##............................#.#
##.........###.....####.......#.#
#..........#...#...####.....#.#.#
#.#..........####...##..###...#.#


There were no monsters in sight!

Vanquished Creatures
  2 adders (D:2)
  A ribbon worm (D:2)
  3 ball pythons
  6 endoplasms
  2 hobgoblins (D:1)
  7 jackals
  A kobold (D:2)
  A quokka (D:2)
  5 bats
  2 frilled lizards (D:2)
  3 goblins
  3 rats (D:1)
36 creatures vanquished.

Notes
Turn   | Place    | Note
-------+----------+-------------------------------------------
     0 | D:1      | Maffolandro the Armataur Fighter began the quest for the
                  | Orb.
     0 | D:1      | Reached XP level 1. HP: 18/18 MP: 1/1
   176 | D:1      | Reached XP level 2. HP: 25/25 MP: 2/2
   512 | D:2      | Reached XP level 3. HP: 21/31 MP: 3/3
  1246 | D:2      | Found a faded altar of an unknown god.
  1299 | D:$      | Got out of the dungeon alive.

Illustrated notes

Levels and vault maps discovered:
D:1:      dpeg_arrival_shelter, layout_rooms
D:2:      layout_basic, hellmonk_ecumenical_altar_inner_sanctum

Skill      XL: |  1  2  3 |
---------------+----------+-----
Maces & Flails | 2 3 |  3.2
Fighting       | 3 |  3.3
Armour         | |  3.6
Shields        | |  3.2

Action                     || total
---------------------------++-------
  Melee: Flail             ||    98
         Tailslap          ||    12
 Armour: Scale mail        ||    73
  Dodge: Dodged            ||    32
  Block: Buckler           ||    15
